 Dungeon Crawl Stone Soup version 0.25.1-2-g60ff931df9 (webtiles) character file.

Game seed: 4846641241248675092

64 Elvor the Skirmisher (level 3, -4/34 HPs)
             Began as a Minotaur Fighter on Aug 27, 2020.
             Slain by Sigmund
             ... wielding a +0 scythe
              (9 damage)
             ... on level 2 of the Dungeon.
             The game lasted 00:10:14 (1311 turns).

Elvor the Skirmisher (Minotaur Fighter)             Turns: 1311, Time: 00:10:15

Health: -4/34      AC:  7    Str: 21    XL:     3   Next: 91%
Magic:  2/2        EV:  7    Int:  5    God:
Gold:   83         SH:  0    Dex:  9    Spells: 2/2 levels left

rFire    . . .     SeeInvis .   a - +0 flail
rCold    . . .     Gourm    .   c - +0 kite shield
rNeg     . . .     Faith    .   b - +0 scale mail
rPois    .         Spirit   .   (helmet restricted)
rElec    .         Reflect  .   (no cloak)
rCorr    .         Harm     .   (no gloves)
MR       .....                  (no boots)
Stlth    ..........             (no amulet)
HPRegen  0.11/turn              (no ring)
MPRegen  0.08/turn              (no ring)

@: confused
A: retaliatory headbutt, horns 2
a: no special abilities


You were on level 2 of the Dungeon.
You were not hungry.

You visited 1 branch of the dungeon, and saw 2 of its levels.

You collected 83 gold pieces.

Inventory:

Hand Weapons
 a - a +0 flail (weapon)
Missiles
 q - 6 poisoned darts (quivered)
Armour
 b - a +0 scale mail (worn)
 c - a +0 kite shield (worn)
 e - a cursed +0 leather armour
Scrolls
 g - a scroll of blinking {unknown}
 i - 3 scrolls of identify {unknown}
 m - a scroll of immolation {unknown}
 o - a scroll of amnesia {unknown}
 r - 2 scrolls of fog {unknown}
Potions
 d - a potion of might
 h - a potion of flight {unknown}
 j - 2 potions of haste {unknown}
 l - 3 potions of curing {unknown}
 n - a potion of degeneration {unknown}
 p - a potion of ambrosia {unknown}
 s - a potion of berserk rage {unknown}
Comestibles
 f - 3 rations


   Skills:
 * Level 4.4 Fighting
 + Level 3.4 Maces & Flails
 + Level 4.3 Armour
 + Level 0.1 Dodging
 + Level 4.0 Shields


You had 2 spell levels left.
You didn't know any spells.
Your spell library was empty.

Dungeon Overview and Level Annotations

Branches:
Dungeon (2/15)

Altars:
Xom

Annotations:
D:2 Sigmund


Innate Abilities, Weirdness & Mutations

You reflexively headbutt those who attack you in melee.
You have a pair of horns on your head.


Message History

You hear some strange, mumbled words.
You are confused.
Something hits you. Something hits you.
You hit something.
You're too confused to move!
Something hits you! Something hits you.
You miss something.
You feel less confused.
You hear some strange, mumbled words.
A puff of flame appears from out of thin air!
The puff of flame hits you.
* * * LOW HITPOINT WARNING * * *
You hit something.
You hear some strange, mumbled words.
You are confused.
You closely miss something. Something hits you.
* * * LOW HITPOINT WARNING * * *
Something hits you!
You die...

.......# ... ..#
###.#### ##.# .#
#.# # #.# #... ..#
#.# # #.# #(.#.##.#
#.# # #.# #..#.##.#
#.# # #.# #..#.##.#
#.# # #<# #..#.##.#
#.# # ###.#
#..#.##.#####.#####
....#
#.@{...............
#####
#.#........##.#####
#...###.#####.#
#.......# #.#
######### #.#
###########.#
#######...........#
..................#
#######.###########


There were no monsters in sight!

Vanquished Creatures
  A gnoll (D:1)
  An adder (D:2)
  A worm (D:2)
  A leopard gecko (D:1)
  A ball python (D:2)
  A giant cockroach (D:1)
  6 goblins (D:1)
  3 hobgoblins
  2 quokkas (D:2)
  4 bats (D:1)
  12 frilled lizards
  3 kobolds
  9 rats
45 creatures vanquished.

Notes
Turn   | Place    | Note
-------+----------+-------------------------------------------
     0 | D:1      | Elvor the Minotaur Fighter began the quest for the Orb.
     0 | D:1      | Reached XP level 1. HP: 19/19 MP: 0/0
   155 | D:1      | Reached XP level 2. HP: 27/27 MP: 1/1
   448 | D:1      | Reached XP level 3. HP: 12/33 MP: 2/2
   960 | D:2      | Found a shimmering altar of Xom.
  1296 | D:2      | Noticed Sigmund
  1311 | D:2      | Slain by Sigmund

Illustrated notes

Levels and vault maps discovered:
D:1:      lightli_arrival_boilingwater, layout_basic, serial_bayou_pond_c,
          minmay_lizard_pond
D:2:      layout_loops_ring, marbit_many_paths, kennysheep_nondescript,
          uniq_sigmund

Skill      XL: |  1  2  3 |
---------------+----------+-----
Fighting       | 4 |  4.4
Armour         | 4 |  4.3
Maces & Flails | 3 |  3.4
Shields        | 4 |  4.0
Dodging        | |  0.1

Action                   || total
-------------------------++-------
Melee: Flail             ||   114
       Headbutt          ||    15
Throw: Javelin           ||     6
       Dart              ||     1
  Eat: Ration            ||     1
Armor: Scale mail        ||    41
Dodge: Dodged            ||    34
Block: Kite shield       ||    58
